 Dungeon Crawl Stone Soup version 0.31.0-7-gf635a9b802 (webtiles) character file.

Game seed: 9184837193894683548

616 hikkokomori the Apothecary (level 7, -1/41 HPs)
             Began as a Gargoyle Alchemist on Jan 24, 2024.
             Slain by an ogre
             ... wielding a +0 giant spiked club
              (24 damage)
             ... on level 5 of the Dungeon.
             The game lasted 00:10:34 (3591 turns).

hikkokomori the Apothecary (Gargoyle Alchemist)     Turns: 3591, Time: 00:10:35

Health: -1/41      AC: 12    Str: 11    XL:     7   Next: 45%
Magic:  0/11       EV: 12    Int: 18    God:
Gold:   187        SH:  0    Dex: 10    Spells: 2/12 levels left

rFire   . . .        q - +3 hand axe (heavy)
rCold   . . .        (no shield)
rNeg    + . .        a - +0 robe
rPois   ∞            (no helmet)
rElec   +            k - +2 cloak
rCorr   .            d - +2 pair of gloves
SInv    .            (no boots)
Will    .....        (no amulet)
Stlth   ++           (no ring)
HPRegen 0.26/turn    (no ring)
MPRegen 0.12/turn

%: no passive effects
@: no status effects
A: sickness immunity, AC +4, negative energy resistance 1, electricity
resistance, torment resistance 1, petrification resistance
a: no special abilities


You were on level 5 of the Dungeon.
You visited 1 branch of the dungeon, and saw 5 of its levels.

You collected 187 gold pieces.

Inventory:

Hand Weapons
 c - a +0 quarterstaff
 q - a +3 heavy hand axe (weapon)
Missiles
 r - 2 boomerangs
Armour
 a - a +0 robe (worn)
 d - a +2 pair of gloves (worn)
 j - a +0 leather armour
 k - a +2 cloak (worn)
Jewellery
 e - an amulet of faith
Wands
 g - a wand of light (7)
 s - a wand of polymorph (6)
 u - a wand of digging (5)
 w - a wand of flame (10)
Scrolls
 f - a scroll of noise {unknown}
 i - a scroll of amnesia {unknown}
 m - a scroll of revelation {unknown}
 o - a scroll of identify {unknown}
 p - a scroll of immolation
 t - 2 scrolls of teleportation
Potions
 b - a potion of magic
 h - 2 potions of curing
 l - a potion of haste {unknown}
 n - a potion of resistance
 v - a potion of mutation {unknown}


   Skills:
 - Level 3.0 Fighting
 - Level 0.7 Axes
 - Level 1.6 Staves
 - Level 1.6 Dodging
 - Level 4.1 Stealth
 - Level 3.1 Spellcasting
 * Level 2.0 Conjurations
 * Level 1.0 Air Magic
 * Level 4.5 Alchemy
 - Level 0.8 Evocations


You had 2 spell levels left.
You knew the following spells:

 Your Spells              Type           Power      Damage    Failure   Level
a - Sting                 Conj/Alch      56%        1d6       4%          1
b - Mercury Vapours       Alch/Air       24%        N/A       8%          2
c - Mephitic Cloud        Conj/Alch/Air  12%        N/A       17%         3
d - Olgreb's Toxic Radia  Alch           19%        N/A       26%         4

Your spell library contained the following spells:

 Spells                   Type           Power      Damage    Failure   Level
 Static Discharge         Conj/Air       16%        3-4/arc   13%         2
 Fulminant Prism          Conj/Alch      7%         3d7       38%         4
 Inner Flame              Hex/Fire       2%         N/A       43%         3
 Volatile Blastmotes      Fire/Tloc      4%         2d10      43%         3
 Sticky Flame             Fire/Alch      10%        2d5       54%         4
 Flame Wave               Conj/Fire      6%         2d5       71%         4
 Iskenderun's Mystic Bla  Conj/Tloc      6%         2d4       71%         4
 Orb of Destruction       Conj           5%         9d5       100%        7
 Spellforged Servitor     Conj/Summ      3%         N/A       100%        7


Dungeon Overview and Level Annotations

Branches:
Dungeon (5/15)
 Temple: D:4-7

Altars:
Cheibriados
Elyvilon
Gozag
Trog
The Shining One


Innate Abilities, Weirdness & Mutations

You are immune to sickness and miasma.
Your stone body is resilient. (AC +4)
You are immune to poison.
You resist negative energy. (rN+)
You are resistant to electric shocks. (rElec)
You are resistant to unholy torment.
You are immune to petrification.


Message History

The orc wizard is lightly wounded.
The orc wizard is engulfed in noxious fumes.
You slash the orc wizard!
The orc wizard is severely wounded.
The orc wizard closely misses you.
You hit the orc wizard but do no damage.
The orc wizard is severely wounded.
The orc wizard completely misses you.
Your magical contamination has completely faded away.
You catch the helpless orc wizard completely off-guard!
You hit the orc wizard.
The orc wizard is almost dead.
You catch the helpless orc wizard completely off-guard!
You hit the orc wizard.
You kill the orc wizard!
An ogre comes into view. It is wielding a +0 giant spiked club.
Your Conjurations skill increases to level 2!
Your Air Magic skill increases to level 1!
Unknown command.
Casting: Mephitic Cloud (quite dangerous; 17% risk of failure)
Confirm with . or Enter, or press ? or * to list all spells.
Aiming: Mephitic Cloud (quite dangerous; 17% risk of failure)
Press: ? - help, Shift-Dir - straight line, f - ogre
Aim: an ogre, wielding a +0 giant spiked club (wandering, hasn't noticed you, chance to affect: 77%)
The ball explodes into a vile cloud!
The stinking cloud engulfs the ogre.
The ogre shouts!
Something shouts, "Disclaim thyself, thou errant fly-bitten surfacer!"
The ogre is engulfed in noxious fumes.
Unknown command.
Unknown command.
The ogre is engulfed in noxious fumes.
The ogre hits you with a +0 giant spiked club!!
Things that are here:
a +0 hand axe; a +0 scale mail Unknown command.
You hit the ogre but do no damage.
The ogre is engulfed in noxious fumes.
The ogre appears confused.
The ogre hits you with a +0 giant spiked club!!
Ouch! That really hurt!
You die...

....######### #######
............# #......
............# #......
............# #......
............# #.†....
.......○....# #......
......§§....######......
#######O#............#+#
^......@#............#
......)<#............#
......).#o...........#
........#............#
........'.o..........#
........#............#
.########............#
o............


You could see an ogre (confused).

Vanquished Creatures
  Grinder (D:2)
  An ogre (D:4)
  Blork the orc (D:4)
  A bombardier beetle (D:4)
  A hound (D:4)
  An orc priest (D:3)
  An iguana (D:5)
  2 orc wizards (D:5)
  An adder (D:2)
  2 ribbon worms
  2 dart slugs
  8 orcs
  3 bats
  6 endoplasms
  4 giant cockroaches
  4 goblins
  7 hobgoblins
  3 jackals (D:3)
  7 kobolds
  3 quokkas
  3 ball pythons
  6 frilled lizards
  7 rats
75 creatures vanquished.

Notes
Turn   | Place    | Note
-------+----------+-------------------------------------------
     0 | D:1      | hikkokomori the Gargoyle Alchemist began the quest for the
                  | Orb.
     0 | D:1      | Reached XP level 1. HP: 10/10 MP: 3/3
   275 | D:1      | Reached XP level 2. HP: 16/16 MP: 5/5
   421 | D:1      | Learned a level 2 spell: Mercury Vapours
   436 | D:1      | Found a faded altar of an unknown god.
   890 | D:2      | Reached XP level 3. HP: 20/20 MP: 6/6
   899 | D:2      | Reached skill level 1 in Fighting
  1470 | D:3      | Noticed Grinder
  1479 | D:3      | Paralysed by Grinder for 3 turns
  1671 | D:3      | Reached XP level 4. HP: 22/25 MP: 7/7
  1697 | D:3      | Paralysed by Grinder for 5 turns
  1705 | D:3      | Paralysed by Grinder for 2 turns
  1783 | D:3      | Paralysed by Grinder for 2 turns
  1808 | D:2      | Killed Grinder
  1809 | D:2      | Reached skill level 1 in Staves
  1809 | D:2      | Reached XP level 5. HP: 26/30 MP: 7/9
  1809 | D:2      | Reached XP level 6. HP: 30/35 MP: 7/10
  1816 | D:2      | Learned a level 3 spell: Mephitic Cloud
  1821 | D:2      | Learned a level 4 spell: Olgreb's Toxic Radiance
  1898 | D:3      | Got the Grimoire of Destructive Generation
  2051 | D:3      | Found a snail-covered altar of Cheibriados.
  2507 | D:4      | Found a bloodstained altar of Trog.
  2885 | D:4      | Noticed Blork the orc
  2902 | D:4      | Killed Blork the orc
  2903 | D:4      | Reached XP level 7. HP: 40/40 MP: 8/11
  2945 | D:4      | Found a glowing golden altar of the Shining One.
  2998 | D:4      | Found a white marble altar of Elyvilon.
  3165 | D:4      | Found an opulent altar of Gozag.
  3425 | D:5      | Entered Level 5 of the Dungeon
  3589 | D:5      | Reached skill level 1 in Air Magic
  3591 | D:5      | Slain by an ogre

Illustrated notes

Levels and vault maps discovered:
D:1:      wander_arrival_estate, layout_loops_ring,
          hellmonk_ecumenical_altar_inner_sanctum, kennysheep_doodads
D:2:      layout_loops_ring, minmay_misc_feat_diagonals
D:3:      layout_loops_cross, lemuel_round_altar,
          nicolae_overflow_hidden_temple, uniq_grinder
D:4:      layout_basic, mainiacjoe_overflow_paths, lemuel_tele_altar,
          mainiacjoe_overflow_catch_the_wave, minmay_fractal_squares_diagonal_5,
          uniq_blork_the_orc
D:5:      layout_gridville, mainiacjoe_overflow_six_doors_small,
          nicolae_inconvenience_store, kennysheep_boxes

Skill      XL: |  1  2  3  4  5  6  7 |
---------------+----------------------+-----
Fighting       | 1 2 3 |  3.0
Alchemy        | 3 4 |  4.5
Staves         | 1 |  1.6
Stealth        | 3 4 |  4.1
Spellcasting   | 3 |  3.1
Conjurations   | 2 |  2.0
Air Magic      | 1 |  1.0
Axes           | |  0.7
Dodging        | |  1.6
Evocations     | |  0.8

Action                     |  1- 3 |  4- 6 |  7- 9 || total
---------------------------+-------+-------+-------++-------
  Melee: Quarterstaff      |   127 |       |       ||   127
         Hand axe          |     7 |    70 |    22 ||    99
         Punch             |       |     3 |     1 ||     4
  Throw: Boomerang         |       |     1 |       ||     1
   Cast: Mercury Vapours   |       |     3 |       ||     3
         Mephitic Cloud    |       |     1 |     4 ||     5
         Olgreb's Toxic Ra |       |     1 |     1 ||     2
  Evoke: Wand              |       |       |     1 ||     1
    Use: Scroll            |     2 |     3 |       ||     5
         Potion            |       |     2 |       ||     2
   Stab: Sleeping          |     5 |     1 |       ||     6
         Confused          |       |     3 |     2 ||     5
 Armour: Robe              |    89 |    55 |    18 ||   162
  Dodge: Dodged            |    95 |    58 |    12 ||   165
